nyob, lawful female dwarven Valkyrie ------- ------------------ ----------------- ----- 3 ||(...-- |..........[.....| |/...%[)........| |...| -.| |...%|.--- ----..........-----.-----%...---........---.|*| |1| --..|.|(%.| |...........^.| |..[..%/---| |-...........|-- |.| |....|(.--- -.......------- ---------..---......------- ------------ |@| |-...|..| ...|...-- ..............---- |.....-.%..---.| ||.(.(..| ..|...| .....----------- |...(.|.|......| |../(.--- .....--- ......| |+....|.|------| ||...-- -....-- -...%--------------- |.....---......---...-- |...-- |....%.............| |.._.....^.--.^..%...-- --...| |...--...%.........| |.....|...----........------....| ...--.!...........-- |.....|--.=....---...^.......---- ...---------...-- |.....| |------- ---......%--- |.| |....--- |.....| |^!.(.|--- ------..| -------[-- |-....(---- ------- |.)(|....| |.|....| .[....[..---..=......| |)...!/(%| |...|..| -------...........---- --%.[(|-----------.| |../.%.<..---- |(.|..............| |.|........| ------------------- ------------ nyob the Warrior Experience level: 17 Strength: 25 Dexterity: 16 Constitution: 19 Intelligence: 9 Wisdom: 14 Charisma: 12 Health: 179(180) Energy: 33(33) Def: 20 Gold: 0 Moves: 25190 Dungeon seed: Bg3bWmHoiD3bybkH Game ID: nyob_1522447752 Your Inventory: Weapons k - a rusty +2 long sword (wielded in other hand) I - 2 +0 daggers (in quiver) P - the blessed rustproof +3 Excalibur (weapon in hand) Armor d - an uncursed +0 orcish helm (being worn) q - a blessed +0 gray dragon scale mail (being worn) r - a blessed rustproof +2 pair of gauntlets of power (being worn) y - an uncursed +1 cloak of protection (being worn) z - a blessed fireproof +2 pair of speed boots (being worn) Y - a blessed fireproof +0 T-shirt (being worn) Scrolls e - an uncursed scroll of teleportation Q - an uncursed scroll of amnesia Rings p - an uncursed ring of slow digestion (on left hand) Wands a - a wand of teleportation (0:6) N - a cursed wand of wishing (1:2) U - a wand of make invisible (0:2) W - a wand of magic missile (0:0) Tools b - an uncursed skeleton key c - an uncursed magic lamp f - an uncursed oil lamp (lit) (0:134) n - an uncursed bag of holding named holding T - the blessed Orb of Fate (0:4) X - the Bell of Opening (0:1) Contents of the bag of holding named holding: 1815 gold pieces the blessed rustproof +2 Frost Brand a +1 elven dagger a +0 elven dagger a blessed +0 orcish dagger a +0 orcish dagger an uncursed +3 pair of elven boots an uncursed +0 pair of levitation boots an uncursed +0 shield of reflection a blessed +4 small shield 10 uncursed K-rations 4 uncursed lumps of royal jelly 5 uncursed tripe rations a blessed scroll of charging named charging a blessed scroll of earth an uncursed scroll of earth an uncursed scroll of fire 2 uncursed scrolls of stinking cloud a blessed scroll of teleportation 2 uncursed scrolls of teleportation an uncursed potion of booze a cursed potion of booze a blessed potion of full healing an uncursed potion of full healing an uncursed potion of gain ability 2 uncursed potions of hallucination an uncursed potion of sickness an uncursed potion of water an uncursed ring of invisibility an uncursed ring of polymorph control an uncursed ring of see invisible an uncursed ring of shock resistance a wand of create monster (0:13) a wand of create monster (0:11) a wand of digging (0:7) a wand of digging (0:4) a wand of digging (0:0) a cursed wand of fire (0:3) a wand of fire (0:1) a wand of magic missile (0:6) a wand of polymorph (0:0) a wand of sleep (0:0) a wand of speed monster (0:5) a wand of speed monster (0:2) an uncursed blindfold a frost horn (0:2) a magic marker named C! (0:20) an uncursed magic whistle an uncursed mirror an uncursed stethoscope a +0 unicorn horn 2 uncursed agate stones 8 uncursed amethyst stones an uncursed chrysoberyl stone 3 uncursed diamonds 4 uncursed emeralds 4 uncursed fluorite stones 3 uncursed garnet stones 8 uncursed jasper stones an uncursed jet stone an uncursed luckstone 4 uncursed obsidian stones 2 uncursed opals 3 uncursed sapphires 5 uncursed topaz stones an uncursed turquoise stone 10 uncursed worthless pieces of black glass 15 uncursed worthless pieces of blue glass 6 uncursed worthless pieces of green glass 21 uncursed worthless pieces of orange glass 31 uncursed worthless pieces of red glass 37 uncursed worthless pieces of violet glass 27 uncursed worthless pieces of white glass 13 uncursed worthless pieces of yellow glass 30 uncursed worthless pieces of yellowish brown glass a cursed worthless piece of yellowish brown glass Spells and supernatural/magical abilities: Name Level Category Fail Memory W - pray for help -- divine ? -- Your skills at the end: Fighting Skills two weapon combat [Skilled] Weapon Skills dagger [Skilled] long sword [Expert] Spellcasting Skills Final Attributes: You were piously aligned. You were cold resistant. You were level-drain resistant. You were magic-protected. You saw invisible. You were telepathic. You were warned. You had automatic searching. You had infravision. You were stealthy. You had slower digestion. You were protected. You were very fast. You were wielding two weapons at once. You were very lucky. You had extra luck. Good luck did not time out for you. You are dead. Vanquished creatures: Medusa a purple worm a silver dragon a red dragon 2 white dragons 4 black dragons 2 yellow dragons 2 minotaurs Lord Surtur a baluchitherium 3 demiliches a master mind flayer 5 Olog-hai a titanothere a baby yellow dragon a guardian naga 6 vampire lords 4 captains 2 liches 3 water trolls an ice devil a lurker above 3 frost giants an ettin 6 vampires 19 ghosts 5 lieutenants a queen bee a mind flayer 4 giant mimics 2 zruties 29 fire giants 3 ogre kings a rock troll an umber hulk 3 doppelgangers 4 hezrous 2 wumpuses a long worm 4 stalkers 2 air elementals a fire elemental 3 hill giants a giant mummy a black naga 3 xorns 8 giant zombies an elf-lord 17 sergeants 4 vrocks 5 wargs 2 winter wolves 8 small mimics a warhorse 4 xans an ettin mummy 2 ogre lords a quantum mechanic 12 trolls 4 wood golems 3 sharks 2 gelatinous cubes 2 large dogs 2 freezing spheres 6 flaming spheres 3 shocking spheres a large cat 4 tigers 3 gargoyles an ochre jelly a leocrotta an energy vortex 3 mountain centaurs 4 stone giants 3 elf mummies 3 human mummies 3 red nagas a pit viper a python a cobra 21 wraiths 7 ettin zombies 2 leather golems a Grey-elf 82 soldiers 2 succubi a crocodile 3 giant beetles 5 quivering blobs 4 cockatrices 5 wolves a winter wolf cub a lynx 2 panthers 4 gremlins a leprechaun an orc-captain 2 iron piercers a mumak 5 giant spiders a scorpion 3 horses an ice vortex a black light 7 vampire bats 4 forest centaurs a gnome king 5 orc mummies 3 dwarf mummies 4 brown puddings 2 rust monsters an owlbear a yeti 3 gold golems 4 werewolves 2 Green-elves 4 giant eels 5 lizards 2 warriors 2 dogs 2 housecats 4 jaguars a dwarf lord a blue jelly 2 gray unicorns a black unicorn 4 ravens 4 plains centaurs 3 gnome mummies 5 snakes 7 human zombies a rope golem 6 Woodland-elves 3 soldier ants 63 fire ants 8 bugbears 5 imps a quasit 3 wood nymphs 3 water nymphs 4 mountain nymphs 21 Mordor orcs 9 Uruk-hai 2 orc shamans 9 rock piercers 2 rock moles 3 ponies 3 fog clouds 5 yellow lights 2 shriekers 2 violet fungi 3 gnome lords a gnomish wizard 3 kobold mummies a red naga hatchling a golden naga hatchling 3 gray oozes 4 barrow wights 16 elf zombies 10 ghouls 4 straw golems a paper golem a jellyfish 8 giant ants a little dog 2 floating eyes 3 kittens 5 homunculi 3 kobold lords 4 kobold shamans 5 hill orcs 5 rothes 3 rabid rats 2 centipedes 7 giant bats a monkey 12 orc zombies 19 dwarf zombies 2 wererats a werejackal 3 iguanas 42 killer bees 2 acid blobs 11 coyotes 5 gas spores 3 hobbits 2 large kobolds 14 hobgoblins 11 giant rats 10 cave spiders 2 brown molds 4 yellow molds 4 green molds a red mold 14 gnomes 11 garter snakes 13 gnome zombies 4 geckos 15 jackals 6 foxes 4 kobolds a goblin 11 sewer rats 9 grid bugs 11 bats 8 lichens 11 kobold zombies 8 newts 1031 creatures vanquished. Voluntary challenges: You had been an atheist until turn 3166. You used a wielded weapon 1510 times, starting on turn 8. You read items or engraved 50 times, starting on turn 3290. You never genocided any monsters. You never polymorphed an object. You changed form 2 times, starting on turn 4356. You used 8 wishes, starting on turn 23847. You wished for your your first artifact on turn 24399. You split 1 pudding, starting on turn 12352. You wrote Elbereth's name 2 times, starting on turn 17436. You violated your moral code, losing 43 points of alignment, starting on turn 3636. Dungeon overview: The Dungeons of Doom: levels 1 to 28 Level 1 a fountain a long staircase Level 2 some fountains, a sink Level 3 a fountain Level 4 a fountain stairs to The Gnomish Mines Level 5 Level 6 a delicatessen Level 7 many fountains Level 8 a fountain stairs to Sokoban Level 9 a temple to Odin, a fountain Level 10 Level 11 some fountains Level 12 a scroll shop, some fountains Level 13 a fountain Level 14 a temple to Odin, a fountain portal to The Quest Level 15 Level 16 a temple to Odin Level 17 some fountains Level 18 a fountain Level 19 Level 20 a fountain Level 21 some fountains Level 22 a throne Level 23 Level 24 a temple to Tyr, a fountain, some sinks Level 25 a fountain Level 26 Level 27 Level 28 a fountain, a throne Gehennom: Level 29 <- You were here a temple to Moloch stairs to The Dungeons of Doom The Gnomish Mines: levels 5 to 12 Level 5 stairs to The Dungeons of Doom Level 6 Level 7 many shops, a temple to Loki, some fountains Level 8 Level 9 Level 10 Level 11 Level 12 some fountains The Quest: levels 1 to 6 Level 1 a fountain portal to The Dungeons of Doom Level 2 Level 3 Level 4 Level 5 Level 6 Sokoban: levels 4 to 7 Level 4 Level 5 Level 6 Level 7 stairs to The Dungeons of Doom History has recorded: On T:1 you entered the Dungeons of Doom to retrieve the Amulet of Yendor! On T:316 you reached level 2 of The Dungeons of Doom. On T:455 you reached level 3 of The Dungeons of Doom. On T:865 you advanced to experience level 2. On T:884 you reached level 4 of The Dungeons of Doom. On T:1153 you advanced to experience level 3. On T:1217 you reached level 5 of The Dungeons of Doom. On T:1541 you advanced to experience level 4. On T:1825 you reached level 6 of The Dungeons of Doom. On T:2050 you advanced to experience level 5. On T:2254 you reached level 1 of The Gnomish Mines. On T:2589 you reached level 2 of The Gnomish Mines. On T:2926 you reached level 3 of The Gnomish Mines. On T:2967 you advanced to experience level 6. On T:3358 you advanced to experience level 7. On T:3399 you reached level 4 of The Gnomish Mines. On T:3730 you reached level 5 of The Gnomish Mines. On T:3975 you reached level 6 of The Gnomish Mines. On T:4080 you reached level 8 of The Gnomish Mines. On T:4112 you advanced to experience level 8. On T:4594 you advanced to experience level 9. On T:6858 you reached level 7 of The Gnomish Mines. On T:7918 you reached level 7 of The Dungeons of Doom. On T:8004 you received advice from The Oracle. On T:8167 you reached level 8 of The Dungeons of Doom. On T:8358 you reached level 4 of Sokoban. On T:8712 you reached level 3 of Sokoban. On T:9466 you advanced to experience level 10. On T:9477 you reached level 2 of Sokoban. On T:9808 you reached level 1 of Sokoban. On T:11068 you reached level 9 of The Dungeons of Doom. On T:11431 you reached level 10 of The Dungeons of Doom. On T:11860 you reached level 11 of The Dungeons of Doom. On T:12015 you reached level 12 of The Dungeons of Doom. On T:12270 you reached level 13 of The Dungeons of Doom. On T:12348 you reached level 15 of The Dungeons of Doom. On T:12504 you reached level 14 of The Dungeons of Doom. On T:12567 you reached level 1 of The Quest. On T:13438 you reached level 16 of The Dungeons of Doom. On T:13855 you reached level 17 of The Dungeons of Doom. On T:14220 you reached level 18 of The Dungeons of Doom. On T:14446 you advanced to experience level 11. On T:14477 you advanced to experience level 12. On T:14589 you reached level 19 of The Dungeons of Doom. On T:14828 you reached level 20 of The Dungeons of Doom. On T:15422 you advanced to experience level 13. On T:15481 you reached level 21 of The Dungeons of Doom. On T:15724 you reached level 22 of The Dungeons of Doom. On T:15792 you advanced to experience level 14. On T:16999 you embarked upon an epic quest. On T:17029 you reached level 2 of The Quest. On T:17045 you reached level 3 of The Quest. On T:17243 you reached level 4 of The Quest. On T:17292 you reached level 5 of The Quest. On T:17323 you reached level 6 of The Quest. On T:17563 you killed Lord Surtur on level 5 of The Quest. On T:17937 you completed the quest! On T:18711 you reached level 23 of The Dungeons of Doom. On T:19559 you reached level 24 of The Dungeons of Doom. On T:20015 you received Mjollnir from Tyr. On T:20517 you reached level 25 of The Dungeons of Doom. On T:21517 you reached level 26 of The Dungeons of Doom. On T:21688 you killed Medusa on level 26 of The Dungeons of Doom. On T:21764 you reached level 27 of The Dungeons of Doom. On T:22591 you reached The Castle. On T:23090 you reached The Valley of the Dead. On T:23847 you wished for "2 blessed scrolls of charging". On T:23850 you wished for "blessed rustproof +2 gauntlets of power". On T:24161 you advanced to experience level 15. On T:24399 you wished for "blessed rustproof +2 Frost Brand". On T:24402 you wished for "blessed +2 gray dragon scale mail". On T:24666 you wished for "blessed rustproof +2 Frost Brand". On T:24934 you wished for "blessed fireproof +2 pair of speed boots". On T:24942 you wished for "blessed fireproof +2 T-Shirt". On T:24952 you wished for "blessed figurine of an Archon". On T:25140 you advanced to experience level 16. On T:25156 you advanced to experience level 17. Score breakdown: Gold: 1815 (11086 points) Experience: 17 levels (22283 points) Exploration: 29 levels ( 60.42%) (23155 points) Discoveries: 51 items ( 20.82%) (13687 points) Valuables value: (no points given unless you survive) Artifact value: 12500 (13936 points) Variety of kills: 208 monsters ( 54.59%) (22166 points) Turncount: 25190 turns (-3743 points) Survival: died (score multiplied by 80%) Total score: 82056 Latest messages: You see here a looking glass. This door is locked. You succeed in unlocking the door. The door opens. The dagger hits the lizard! The dagger hits the lizard! You see here 2 daggers. You hit the lizard! You kill the lizard! I - 2 daggers (in quiver). You see here a lizard corpse. You destroy the dwarf zombie! You fall into a pit! You land on a set of sharp iron spikes! The spikes were poisoned! The poison was deadly... Final status: Farvel nyob the Valkyrie, killed by a fall onto poison spikes... You were poisoned in Gehennom on dungeon level 29 with 82056 points, and 1815 pieces of gold, after 25190 moves. You were level 17 with a maximum of 180 hit points when you were poisoned.